 Dungeon Crawl Stone Soup version 0.29.1-4-g47bece8355 (webtiles) character file.

Game seed: 435764698334288920

190 wingedge the Vexing (level 5, -3/41 HPs)
             Began as a Demigod Enchanter on Dec 2, 2022.
             Shot with an arrow by a centaur (7 damage)
             ... on level 5 of the Dungeon.
             The game lasted 00:15:09 (5683 turns).

wingedge the Vexing (Demigod Enchanter)             Turns: 5683, Time: 00:15:11

Health: -3/41      AC:  3    Str:  9    XL:     5   Next: 17%
Magic:  6/10       EV: 12    Int: 21    God:
Gold:   145        SH:  0    Dex: 14    Spells: 3/8 levels left

rFire   . . .      SeeInvis .   a - +2 dagger (elec)
rCold   . . .      Faith    .   (no shield)
rNeg    . . .      Spirit   .   h - +0 robe
rPois   .          Reflect  .   (no helmet)
rElec   .          Harm     .   (no cloak)
rCorr   .          Rampage  .   C - +0 pair of gloves
Will    .....                   (no boots)
Stlth   ++........              (no amulet)
HPRegen 0.13/turn               (no ring)
MPRegen 0.12/turn               (no ring)

@: no status effects
A: high MP 1, forlorn, divine attributes
a: no special abilities


You were on level 5 of the Dungeon.
You visited 1 branch of the dungeon, and saw 5 of its levels.

You collected 145 gold pieces.

Inventory:

Hand Weapons
 a - a +2 dagger of electrocution (weapon)
 b - a +0 sling
 c - a +0 vorpal scimitar
 B - a +0 rapier
Missiles
 s - 4 poisoned darts
Armour
 h - a +0 robe (worn)
 j - a +0 ring mail
 l - a +0 leather armour
 C - a +0 pair of gloves (worn)
Scrolls
 d - 2 scrolls of poison {unknown}
 e - 5 scrolls of identify {unknown}
 f - 3 scrolls of teleportation {unknown}
 k - 2 scrolls of noise {unknown}
 q - a scroll of enchant weapon {unknown}
 r - a scroll of acquirement {unknown}
 t - a scroll of blinking {unknown}
 u - a scroll of magic mapping {unknown}
 v - a scroll of immolation {unknown}
 x - a scroll of amnesia {unknown}
 y - a scroll of butterflies {unknown}
 z - a scroll of vulnerability {unknown}
 A - a scroll of brand weapon {unknown}
Potions
 g - 5 potions of curing
 i - 2 potions of mutation {unknown}
 m - 2 potions of brilliance {unknown}
 n - 2 potions of heal wounds {unknown}
 o - a potion of haste {unknown}
 p - a potion of lignification {unknown}
 w - a potion of magic {unknown}


   Skills:
 - Level 2.0 Fighting
 + Level 2.7 Short Blades
 - Level 2.0 Dodging
 - Level 3.0 Stealth
 - Level 2.0 Spellcasting
 - Level 4.0 Hexes


You had 3 spell levels left.
You knew the following spells:

 Your Spells              Type           Power      Damage    Failure   Level
a - Ensorcelled Hibernat  Hex/Ice        20%        N/A       10%         2
b - Confusing Touch       Hex            18%        N/A       9%          3

Your spell library contained the following spells:

 Spells                   Type           Power      Damage    Failure   Level
 Tukima's Dance           Hex            18%        N/A       9%          3
 Beastly Appendage        Tmut           4%         N/A       14%         1
 Dazzling Flash           Conj/Hex       20%        N/A       19%         3
 Sublimation of Blood     Necr           2%         N/A       22%         2
 Wereblood                Tmut           2%         N/A       22%         2
 Spider Form              Tmut/Pois      2%         N/A       41%         3
 Petrify                  Tmut/Erth      2%         N/A       82%         4
 Irradiate                Conj/Tmut      1%         3d12      99%         5


Dungeon Overview and Level Annotations

Branches:
Dungeon (5/15)
 Temple: D:4-7

Shops:
D:1 *


Innate Abilities, Weirdness & Mutations

You have an increased reservoir of magic. (+10% MP)
You shall have no god before yourself.
Your divine heritage dramatically boosts your attributes as you level up.


Message History

Found 9 gold pieces.
The helpless orc fails to defend itself.
You impale the orc!!
You kill the orc!
Things that are here:
a +0 whip; an orc corpse
Things that are here:
a +0 whip; an orc corpse You see here a +0 hand axe.
Found a potion of curing.
The centaur shouts!
The centaur wields a +0 shortbow.
The centaur shoots an arrow.
The arrow closely misses you.
The centaur shoots an arrow.
The arrow hits you!
You see here a +0 hand axe.
The centaur shoots an arrow.
The arrow barely misses you.
The centaur shoots an arrow.
The arrow closely misses you.
There is an open door here.
The centaur shoots an arrow.
The arrow closely misses you.
You close the door.
You start resting.
The centaur shoots an arrow.
The arrow hits you!
Casting: Ensorcelled Hibernation (safe; 10% risk of failure)
Confirm with . or Enter, or press ? or * to list all spells.
Aiming: Ensorcelled Hibernation (safe; 10% risk of failure)
Press: ? - help, Shift-Dir - straight line, f - centaur
Aim: a centaur, wielding a +0 shortbow (chance to affect: 44%)
The centaur resists with some effort.
The centaur shoots an arrow.
The arrow hits you!
* * * LOW HITPOINT WARNING * * *
Casting: Ensorcelled Hibernation (safe; 10% risk of failure)
Confirm with . or Enter, or press ? or * to list all spells.
Aiming: Ensorcelled Hibernation (safe; 10% risk of failure)
Press: ? - help, Shift-Dir - straight line, f/p - centaur
Aim: a centaur, wielding a +0 shortbow (chance to affect: 44%)
The centaur resists with some effort.
The centaur shoots an arrow.
The arrow hits you!
* * * LOW HITPOINT WARNING * * *
The centaur shoots an arrow.
The arrow hits you!
You die...

#...## #....#.....
.# #.<..+
#....+.......#
#....#
#....#......c#
#....#
#....#...##.=# !..
##..#..
#[...#.<.##..##...
####...
#....#............
...##....#......c...
.........#......$...
.......@##..# ..#
..##....##..##c.# .#
#....c+......#
#....##..)...#
##+####..##..#
##..##..##
+....#...#
##..)#...#
##...#...#


You could see a centaur.

Vanquished Creatures
  A jelly (D:4)
  An iguana (D:4)
  4 gnolls (D:2)
  An adder (D:2)
  A worm (D:4)
  3 dart slugs (D:1)
  4 orcs
  7 bats
  4 endoplasms
  13 giant cockroaches
  6 hobgoblins
  3 jackals (D:1)
  3 kobolds
  2 quokkas
  8 ball pythons
  5 goblins
  2 rats
68 creatures vanquished.

Notes
Turn   | Place    | Note
-------+----------+-------------------------------------------
     0 | D:1      | wingedge the Demigod Enchanter began the quest for the Orb.
     0 | D:1      | Reached XP level 1. HP: 14/14 MP: 5/5
   103 | D:1      | Reached skill level 1 in Short Blades
   626 | D:1      | Reached XP level 2. HP: 20/20 MP: 7/7
   629 | D:1      | Learned a level 2 spell: Ensorcelled Hibernation
   757 | D:1      | Reached skill level 3 in Hexes
  1311 | D:1      | Reached XP level 3. HP: 26/26 MP: 8/8
  1443 | D:1      | Found Otulauto's General Store.
  1860 | D:2      | Learned a level 3 spell: Confusing Touch
  2681 | D:2      | HP: 1/26 [gnoll/+0 flail (9)]
  3108 | D:2      | Reached skill level 4 in Hexes
  3181 | D:2      | Reached skill level 1 in Fighting
  3181 | D:2      | Reached XP level 4. HP: 21/35 MP: 4/9
  5017 | D:4      | Reached XP level 5. HP: 25/41 MP: 5/10
  5512 | D:5      | Entered Level 5 of the Dungeon
  5626 | D:5      | Noticed a centaur
  5683 | D:5      | Shot with an arrow by a centaur

Illustrated notes

Levels and vault maps discovered:
D:1:      dpeg_arrival_brainrot, layout_basic, serial_shops, shop
D:2:      layout_basic
D:3:      minmay_roachtagon, layout_basic
D:4:      layout_loops_corners, kennysheep_mini_moat
D:5:      layout_gridville, minmay_temple_entry_statues

Skill      XL: |  1  2  3  4 |
---------------+-------------+-----
Short Blades   | 1 2 |  2.7
Dodging        | 2 |  2.0
Spellcasting   | 2 |  2.0
Stealth        | 3 |  3.0
Hexes          | 3 4 |  4.0
Fighting       | 1 2 |  2.0

Action                   |  1- 3 |  4- 6 || total
-------------------------+-------+-------++-------
Melee: Dagger            |   104 |     9 ||   113
       Scimitar          |     3 |    46 ||    49
 Fire: Sling             |    33 |    14 ||    47
 Cast: Ensorcelled Hiber |    20 |    15 ||    35
  Use: Potion            |     4 |       ||     4
 Stab: Sleeping          |    13 |    11 ||    24
Armor: Robe              |    31 |    21 ||    52
Dodge: Dodged            |    98 |    52 ||   150
